 Dungeon Crawl Stone Soup version 0.19-a0-1041-g82b1012 (webtiles) character file.

536 tsouns the Magician (level 7, -1/32 HPs)
             Began as a Spriggan Fire Elementalist on July 30, 2016.
             Killed by divine providence
             ... invoked by an orc priest
              (12 damage)
             ... on level 6 of the Dungeon.
             The game lasted 00:17:37 (4327 turns).

tsouns the Magician (Spriggan Fire Elementalist)    Turns: 4327, Time: 00:17:37

Health: -1/32      AC:  2    Str:  4    XL:     7   Next: 4%
Magic:  10/16      EV: 18    Int: 18    God:
Gold:   170        SH:  0    Dex: 17    Spells: 5 memorised, 5 levels left

rFire  . . .     SeeInvis +     q - +0 dagger (venom)
rCold  . . .     Gourm    .     a - +0 robe
rNeg   . . .     Faith    .     (shield restricted)
rPois  .         Spirit   .     (helmet restricted)
rElec  .         Dismiss  .     (no cloak)
rCorr  .         Reflect  .     (gloves unavailable)
SustAt .         Harm     .     (boots unavailable)
MR     +....                    (no amulet)
Stlth  +++.......               (no ring)
                                (no ring)

@: very quick, somewhat resistant to hostile enchantments, fairly stealthy
A: unfitting armour, see invisible, herbivore 3, speed 3, slow metabolism 2
a: no special abilities


You were on level 6 of the Dungeon.
You were not hungry.

You visited 1 branch of the dungeon, and saw 5 of its levels.

You collected 170 gold pieces.

Inventory:

Hand Weapons
 d - a +0 dagger
 q - a +0 dagger of venom (weapon)
Missiles
 r - 11 tomahawks (quivered)
Armour
 a - a +0 robe (worn)
Jewellery
 f - an uncursed amulet of faith
Wands
 l - a wand of confusion (8/48)
 n - a wand of disintegration (13/24)
Scrolls
 g - a scroll of teleportation
 s - 3 scrolls of blinking
Potions
 e - a potion of berserk rage {unknown}
 h - a potion of resistance {unknown}
 i - 3 potions of heal wounds
 j - a potion of degeneration {unknown}
 k - a potion of curing {unknown}
 m - a potion of magic {unknown}
 p - a potion of might {unknown}
Books
 b - a book of Flames

   Spells                             Type                      Level
   a - Flame Tongue                   Conjuration/Fire             1
   b - Throw Flame                    Conjuration/Fire             2
   c - Conjure Flame                  Conjuration/Fire             3
   d - Inner Flame                    Hexes/Fire                   3
   e - Sticky Flame                   Conjuration/Fire             4
   f - Fireball                       Conjuration/Fire             5
 o - a book of Beasts

   Spells                             Type                      Level
   a - Summon Butterflies             Summoning                    1
   b - Call Canine Familiar           Summoning                    3
   c - Summon Ice Beast               Ice/Summoning                4
   d - Summon Mana Viper              Hexes/Summoning              5
   e - Summon Hydra                   Summoning                    7
Comestibles
 c - 2 bread rations


   Skills:
 - Level 3.0 Dodging
 - Level 3.0 Stealth
 + Level 5.3 Spellcasting
 + Level 3.4 Conjurations
 + Level 4.3 Fire Magic


You had 5 spell levels left.
You knew the following spells:

 Your Spells              Type           Power        Failure   Level  Hunger
a - Flame Tongue          Conj/Fire      ###..        2%          1    None
b - Throw Flame           Conj/Fire      ###...       4%          2    #......
c - Conjure Flame         Conj/Fire      ###.....     10%         3    ##.....
d - Sticky Flame          Conj/Fire      ###.....     28%         4    ####...
e - Summon Butterflies    Summ           #.......     14%         1    None


Dungeon Overview and Level Annotations

Branches:
Dungeon (6/15)             Temple (0/1) D:6

Altars:
Dithmenos
Hepliaklqana
Uskayaw

Annotations:
D:4 Aquadorian's ghost, amateur GrVM


Innate Abilities, Weirdness & Mutations

You are tiny and cannot use many weapons and most armour.
You have supernaturally acute eyesight. (SInv)
You are a herbivore.
You cover ground extremely quickly.
You need consume almost no food.


Message History

Aiming: Throw Flame
Press: ? - help, Shift-Dir - straight line, f - orc priest
Aim: an orc priest, wielding a shimmering flail {freeze} and wearing a leather armour (hasn't noticed you)
The puff of flame hits the orc priest.
The orc priest resists.
The orc priest is lightly wounded.
The orc priest shouts!
Casting: Throw Flame
Confirm with . or Enter, or press ? or * to list all spells.
Aiming: Throw Flame
Press: ? - help, Shift-Dir - straight line, f/p - orc priest
Aim: an orc priest, wielding a shimmering flail {freeze} and wearing a leather armour (lightly wounded)
The puff of flame hits the orc priest.
The orc priest appears unharmed.
The orc priest is lightly wounded.
The orc priest mumbles some strange prayers to Beogh against you.
Beogh smites you!
A black bear comes into view.
Unknown command.
The orc priest calls down the wrath of Beogh upon you.
Beogh smites you!
You die...

,****,**,* *≈≈≈≈≈** *≈.§§#
,,,,,,,,.########,,≈≈** **..P*
,***,,,,>........,**** *..** **
*,*,,..(.....#** ##.#*
**,,,,........# #..#
*,,**,........## ##.#*
**,,**,.........# #..#
**,,***,.........##########.##
,,,,* *,........@...........###
*,*** *,..oh....#.............#
,,* **###.#####.......#####.##
,** #,,* ###..#♣♣♣♣≈♣#..# ,* **,*
#.#♣≈≈♣≈≈P≈#.# ,*****
*,*****♣♣≈≈≈≈≈≈≈≈≈#.#
,,,,,*******,**≈≈≈≈≈≈≈≈≈≈≈≈P≈#.##
,**,,,,,,,,,,,*≈≈≈≈≈≈≈≈≈PPPP≈≈..#
,***,,,,,***,≈≈≈≈≈≈≈≈≈≈≈≈P≈≈P≈♣..


You could see a black bear (wandering) and an orc priest.

Vanquished Creatures
  2 ogres
  Blork the orc (D:4)
  2 electric eels (D:6)
  An orc wizard (D:3)
  A centaur skeleton (D:4)
  Robin (D:3)
  4 gnolls
  4 adders
  2 worms
  2 dart slugs
  2 orcs (D:3)
  A ball python (D:2)
  9 bats
  4 giant cockroaches
  20 goblins
  6 hobgoblins
  2 jackals (D:3)
  2 quokkas
  2 giant newts
  9 kobolds
  7 rats
84 creatures vanquished.

Notes
Turn   | Place    | Note
-------+----------+-------------------------------------------
     0 | D:1      | tsouns the Spriggan Fire Elementalist began the quest for the Orb.
     0 | D:1      | Reached XP level 1. HP: 9/9 MP: 5/5
    94 | D:1      | Reached skill level 1 in Conjurations
   100 | D:1      | Reached XP level 2. HP: 10/13 MP: 0/6
   171 | D:1      | Learned a level 2 spell: Throw Flame
   425 | D:1      | Reached skill level 3 in Spellcasting
   604 | D:1      | Reached XP level 3. HP: 16/16 MP: 6/8
   680 | D:2      | Learned a level 3 spell: Conjure Flame
  1610 | D:3      | Noticed Robin
  1746 | D:3      | Reached XP level 4. HP: 17/21 MP: 1/9
  1921 | D:3      | Killed Robin
  2479 | D:2      | Learned a level 4 spell: Sticky Flame
  2566 | D:3      | Noticed an ogre
  2583 | D:3      | Killed an ogre
  2583 | D:3      | Reached skill level 4 in Spellcasting
  2583 | D:3      | Reached XP level 5. HP: 24/24 MP: 1/12
  3133 | D:4      | Noticed Blork the orc
  3161 | D:4      | Found a shadowy altar of Dithmenos.
  3165 | D:4      | Found a hide-covered altar of Uskayaw.
  3202 | D:4      | Noticed Aquadorian's ghost (amateur GrVM)
  3364 | D:3      | Reached XP level 6. HP: 19/28 MP: 6/13
  3948 | D:4      | Learned a level 1 spell: Summon Butterflies
  3989 | D:4      | Killed Blork the orc
  3989 | D:4      | Reached skill level 5 in Spellcasting
  4240 | D:4      | Found a hazy altar of Hepliaklqana.
  4248 | D:4      | You fall through a shaft for 2 floors!
  4308 | D:6      | Reached XP level 7. HP: 22/32 MP: 12/16
  4327 | D:6      | Killed from afar by an orc priest

Vault maps used:
D:1:      dpeg_arrival_shrine, minmay_tetromino_o4
D:2:      first_bread
D:3:      uniq_robin
D:4:      old_standard_altar, minitemple, kennysheep_cross_room,
          uniq_blork_the_orc
D:6:      serial_bayou, serial_bayou_ford_a, serial_bayou_pond_e,
          serial_bayou_pond_c, serial_bayou_pond_b, serial_bayou_pond_d,
          serial_bayou_lagoon_a

Skill      XL: |  1  2  3  4  5  6 |
---------------+-------------------+-----
Conjurations   | 1 2 3 |  3.4
Spellcasting   | 3 4 5 |  5.3
Fire Magic     | 3 4 |  4.3
Dodging        | |  3.0
Stealth        | |  3.0

Action                   |  1- 3 |  4- 6 |  7- 9 || total
-------------------------+-------+-------+-------++-------
Melee: Dagger            |    37 |    11 |       ||    48
 Cast: Flame Tongue      |    84 |    71 |       ||   155
       Throw Flame       |     4 |    15 |     2 ||    21
       Sticky Flame      |       |     2 |       ||     2
       Conjure Flame     |       |     2 |       ||     2
  Use: Scroll            |     3 |     3 |     1 ||     7
 Stab: Sleeping          |     1 |       |       ||     1
  Eat: Pizza             |       |     1 |       ||     1
Armor: Robe              |    10 |     7 |       ||    17
Dodge: Dodged            |    71 |    36 |       ||   107
